 Dungeon Crawl Stone Soup version 0.30-a0-778-g2ef04afb54 (console) character file.

Game seed: 7624439051834935981

2807 jejorda2 the Spear-Bearer (level 9, -4/103 HPs)
             Began as a Merfolk Berserker on Feb 16, 2023.
             Was an Elder of Trog.
             Slain by an orc warrior
             ... wielding a +0 halberd
              (26 damage)
             ... in a bailey.
             The game lasted 00:18:53 (5458 turns).

jejorda2 the Spear-Bearer (Merfolk Berserker)       Turns: 5458, Time: 00:18:53

Health: -4/103     AC: 17    Str: 21    XL:     9   Next: 72%
Magic:  9/9        EV: 10    Int:  7    God:    Trog [****..]
Gold:   164        SH:  0    Dex: 13    Spells: 8/8 levels left

rFire   . . .      SeeInvis .    t - +0 halberd
rCold   . . .      Faith    .    (shield currently unavailable)
rNeg    . . .      Spirit   .    r - +0 shadow dragon scales
rPois   .          Reflect  .    c - +2 helmet
rElec   .          Harm     .    (no cloak)
rCorr   .          Rampage  .    w - +0 pair of gloves
Will    .....                    (no boots) Stlth
                                 q - amulet of regeneration
HPRegen 1.17/turn                (no ring)
MPRegen 0.11/turn                (no ring)

@: berserking (expiring), very quick
A: (nimble swimmer 2), mertail
a: Renounce Religion, Berserk, Trog's Hand, Brothers in Arms


You were in a bailey.
You worshipped Trog.
Trog was greatly pleased with you.
You visited 1 branch of the dungeon, and saw 7 of its levels.
You also visited: Bailey.

You collected 442 gold pieces.
You spent 278 gold pieces at shops.

Inventory:

Hand Weapons
 a - a +0 glaive
 b - a +0 trident
 t - a +0 halberd (weapon)
Missiles
 i - 42 stones (quivered)
 j - 3 boomerangs
 o - 3 poisoned darts
Armour
 c - a +2 helmet (worn)
 r - +0 shadow dragon scales (worn)
 u - a +0 crystal plate armour
 w - a +0 pair of gloves (worn)
Jewellery
 q - an amulet of regeneration (around neck)
Wands
 h - a wand of flame (5)
Scrolls
 d - 2 scrolls of blinking
 e - 4 scrolls of enchant weapon
 g - 3 scrolls of butterflies
 k - 2 scrolls of fog
 n - 2 scrolls of teleportation
 p - 3 scrolls of immolation
 s - a scroll of fear
 y - 5 scrolls of enchant armour
Potions
 f - a potion of lignification
 l - a potion of flight
 m - 3 potions of heal wounds
 v - 3 potions of cancellation {unknown}
 x - a potion of attraction
 z - 2 potions of mutation {unknown}
 A - 2 potions of brilliance {unknown}
 B - a potion of haste {unknown}
 C - a potion of might {unknown}


   Skills:
 - Level 6.0 Fighting
 * Level 13.4 Polearms
 + Level 4.5 Armour
 - Level 6.0 Dodging


You had 8 spell levels left.
You didn't know any spells.
Your spell library was empty.

Dungeon Overview and Level Annotations

Branches:
Dungeon (7/15)             Temple (0/1) D:6          Bailey (1/1)

Altars:
Ashenzari

Shops:
D:2 *[?[   D:4 ?


Innate Abilities, Weirdness & Mutations

((You are very nimble when in or above water. (Stealth+, EV+, Speed+++)))
Your lower body shifts to a powerful aquatic tail in water.


Message History

You reach to attack!
You closely miss the orc knight.
The orc knight is almost dead.
You reach to attack!
You hit the orc knight.
The orc knight is almost dead.
The orc knight hits you from afar with a +0 halberd.
The orc warrior hits you from afar with a +0 halberd.
You reach to attack!
You hit the orc knight but do no damage.
The orc knight is almost dead.
You reach to attack!
You barely miss the orc knight.
The orc knight is almost dead.
The orc knight hits you from afar with a +0 halberd.
The orc warrior hits you from afar with a +0 halberd!
The orc warrior hits you but does no damage.
You are too injured to fight recklessly!
You are too injured to fight recklessly!
You are too injured to fight recklessly!
You are too injured to fight recklessly!
You are too injured to fight recklessly!
You are too injured to fight recklessly!
You slice the orc knight!!
You kill the orc knight!
Trog accepts your kill. The orc warrior misses you.
The orc warrior hits you with a +0 glaive!
Your Polearms skill increases to level 13!
The orc warrior barely misses you.
The orc warrior hits you with a +0 halberd!
* * * LOW HITPOINT WARNING * * *
The orc warrior hits you but does no damage.
Items here: ) ? [ †.
You barely miss the orc warrior. You barely miss the orc warrior.
The orc warrior closely misses you. The orc warrior barely misses you.
The orc warrior completely misses you.
You impale the orc warrior!!
The orc warrior is almost dead.
You closely miss the orc warrior.
The orc warrior is almost dead.
The orc warrior hits you with a +0 halberd!!
You die...

######### #######
........###.....########
.........'.......#.....#
.......o.'....#..'.....)
......o@.'.......'.....'
.......o.'....#..')....'
.........'.......#.....#
........###.....########
######### #######


You could see 3 orc warriors.

Vanquished Creatures
  2 orc knights (Bailey)
  Prince Ribbit (D:5)
  Sigmund (D:2)
  2 ice beasts
  A sky beast (D:6)
  4 orc warriors (Bailey)
  3 ogres (D:6)
  A centaur (D:7)
  A phantom (D:6)
  A scorpion (D:6)
  A jelly (D:6)
  2 hounds
  An iguana (D:6)
  An orc wizard (D:6)
  8 gnolls
  8 adders
  An ufetubus (D:6)
  2 worms
  4 dart slugs
  29 orcs
  11 ball pythons
  7 bats
  9 endoplasms
  6 giant cockroaches
  11 goblins
  8 hobgoblins
  3 jackals (D:3)
  6 kobolds
  5 quokkas
  4 frilled lizards
  5 rats
149 creatures vanquished.

Vanquished Creatures (others)
  23 fungi (D:4)
23 creatures vanquished.

Grand Total: 172 creatures vanquished

Notes
Turn   | Place    | Note
-------+----------+-------------------------------------------
     0 | D:1      | jejorda2 the Merfolk Berserker began the quest for the Orb.
     0 | D:1      | Reached XP level 1. HP: 18/18 MP: 1/1
    91 | D:1      | Reached XP level 2. HP: 17/24 MP: 2/2
   247 | D:1      | Reached XP level 3. HP: 22/29 MP: 3/3
   368 | D:1      | Reached skill level 5 in Polearms
   384 | D:1      | Reached ** piety under Trog
   766 | D:2      | Reached XP level 4. HP: 37/37 MP: 4/4
   830 | D:2      | Found Gunic's Antique Armour Shoppe.
   897 | D:2      | Found Oniluil's Armour Shop.
   957 | D:2      | Found Abrerer's Assorted Antiques.
   962 | D:2      | Bought a fuming coppery potion for 23 gold pieces
   962 | D:2      | Bought a purple potion for 23 gold pieces
  1031 | D:2      | Noticed Sigmund
  1039 | D:2      | Killed Sigmund
  1040 | D:2      | Reached skill level 6 in Polearms
  1040 | D:2      | Reached XP level 5. HP: 43/43 MP: 5/5
  1040 | D:2      | Reached XP level 6. HP: 49/49 MP: 6/6
  1102 | D:2      | Found Qeadiritt's Magic Scroll Boutique.
  1423 | D:2      | Bought a scroll of teleportation for 30 gold pieces
  1423 | D:2      | Bought a scroll of identify for 20 gold pieces
  1629 | D:3      | Reached skill level 7 in Polearms
  1770 | D:2      | Bought a scroll labelled VAF AM ACRYCI for 26 gold pieces
  1812 | D:3      | Reached skill level 5 in Dodging
  2229 | D:4      | Noticed an ice beast
  2240 | D:4      | Killed an ice beast
  2241 | D:4      | Reached skill level 5 in Fighting
  2241 | D:4      | Reached XP level 7. HP: 56/56 MP: 7/7
  2463 | D:4      | Reached *** piety under Trog
  2477 | D:4      | Found Ting's Magic Scroll Shop.
  2487 | D:4      | Bought a scroll of butterflies for 52 gold pieces
  2938 | D:5      | Entered Level 5 of the Dungeon
  3457 | D:5      | Reached skill level 8 in Polearms
  3544 | D:5      | Noticed Prince Ribbit
  3568 | D:5      | Killed Prince Ribbit
  3925 | D:4      | Bought a scroll of fog for 52 gold pieces
  3925 | D:4      | Bought a scroll of fear for 52 gold pieces
  4029 | D:6      | Reached skill level 9 in Polearms
  4085 | D:6      | Reached XP level 8. HP: 64/64 MP: 8/8
  4379 | D:6      | Found a staircase to the Ecumenical Temple.
  4584 | D:6      | Reached skill level 10 in Polearms
  4673 | D:6      | Found a broken altar of Ashenzari.
  4907 | D:7      | Found a flagged portal.
  4914 | D:7      | Reached skill level 11 in Polearms
  4951 | Bailey   | Entered a bailey
  5060 | Bailey   | Reached XP level 9. HP: 56/69 MP: 9/9
  5171 | Bailey   | Noticed an orc knight
  5172 | Bailey   | Noticed an orc knight
  5332 | Bailey   | Killed an orc knight
  5333 | Bailey   | Reached skill level 12 in Polearms
  5392 | Bailey   | Reached **** piety under Trog
  5453 | Bailey   | Killed an orc knight
  5454 | Bailey   | Reached skill level 13 in Polearms
  5458 | Bailey   | Slain by an orc warrior

Illustrated notes

Levels and vault maps discovered:
D:1:      minmay_arrival_four_houses, layout_rooms, st_stairs_14
D:2:      layout_loops_ring, serial_shops, nicolae_shop_trees, shop, shop, shop,
          minmay_stone_trees_small, kennysheep_doodads, uniq_sigmund
D:3:      layout_rooms, st_stairs_2, minmay_crystal_water, kennysheep_potato
D:4:      layout_basic, serial_shops, shop_statue, serial_aquarium,
          aquarium_bridge_square [aquarium_subvault_wall,
          aquarium_subvault_balcony, aquarium_subvault_bridge,
          aquarium_subvault_bridge], aquarium_bridge_long_joined
          [aquarium_subvault_window, aquarium_subvault_bridge,
          aquarium_subvault_balcony, aquarium_subvault_wall,
          aquarium_subvault_window, aquarium_subvault_balcony],
          aquarium_window_fake, aquarium_window_fake, aquarium_window_fake,
          aquarium_window_1, aquarium_view_2g, aquarium_balcony_1b,
          dreamdust_mushroom_princess
D:5:      layout_cave_pods, dreamdust_princess_bridge, uniq_prince_ribbit1
D:6:      layout_basic, mainiacjoe_overflow_chevrons,
          minmay_temple_entry_crystal_x
D:7:      layout_cave_pools, enter_bailey_3, uniq_joseph
Bailey:   bailey_polearm_5, bailey

Skill      XL: |  1  2  3  4  5  6  7  8  9 |
---------------+----------------------------+-----
Dodging        | 3 4 5 6 |  6.0
Polearms       | 5 6 7 9 11 13 | 13.4
Fighting       | 4 5 6 |  6.0
Armour         | 3 4 |  4.5

Action                     |  1- 3 |  4- 6 |  7- 9 || total
---------------------------+-------+-------+-------++-------
  Melee: Spear             |   117 |     6 |       ||   123
         Punch             |     1 |       |       ||     1
         Halberd           |       |   137 |   277 ||   414
  Throw: Stone             |       |     5 |    15 ||    20
         Dart              |       |       |     4 ||     4
         Throwing net      |       |       |     1 ||     1
 Invoke: Berserk           |     2 |     3 |     4 ||     9
         Trog's Hand       |       |     1 |     2 ||     3
    Use: Scroll            |       |     9 |     5 ||    14
   Stab: Sleeping          |       |       |     2 ||     2
         Held in net/web   |       |       |     2 ||     2
 Armour: Animal skin       |    15 |       |       ||    15
         Ring mail         |    13 |       |       ||    13
         Plate armour      |       |    95 |    46 ||   141
         Shadow dragon sca |       |       |    93 ||    93
  Dodge: Dodged            |    45 |    47 |    84 ||   176

Table legend: (Time is in decaauts)
 A = Elapsed time spent in this place.
 B = Non-inter-level travel time spent in this place.
 C = Inter-level travel time spent in this place.
 D = Time resting spent in this place.
 E = Time spent auto-exploring this place.
 F = Levels seen in this place.
 G = Mean time per level.
                   A        B        C        D        E       F      G
               +--------+--------+--------+--------+--------+-----+--------+
         Total |   5526 |   5043 |    483 |    572 |   3173 |   8 |  690.8 |
       Dungeon |   5019 |   4536 |    483 |    409 |   3087 |   7 |  717.0 |
        Bailey |    506 |    506 |      0 |    163 |     86 |   1 |  506.0 |
               +--------+--------+--------+--------+--------+-----+--------+

Top non-repeatable levels by time:
     D:5: 987 daAuts
     D:6: 905 daAuts
     D:2: 809 daAuts
     D:4: 770 daAuts
     D:3: 744 daAuts
     D:1: 708 daAuts
  Bailey: 506 daAuts
     D:7: 93 daAuts
